Cogmind - Beta 10.2 --- EXPLORER MODE // 2020.10.31 @ 17:50:50 // Halloween2020/ForbiddenLore Player: 1Q84 Result: Destroyed by as-83688 with Assembled Heavy Rifle Performance ------------- Evolutions (0) 0 Regions Visited (4) 800 Robots Destroyed (35) 175 Value Destroyed (437) 437 Prototype IDs (25) 500 Alien Tech Used (0) 0 Bonus (-170) -170 TOTAL SCORE: 1742 Bonus ------- Follower Combat Kills 14 Aligned with FarCom 300 Friendly Fire -484 Cogmind --------- Core Integrity 0/250 Matter 115/300 Energy 100/100 System Corruption 3% Temperature Cool (0) Movement Core (700) Ox13 Location -9/Mines Parts ------- > --- POWER (1) -------- (None) > --- PROPULSION (2) --- (None) > --- UTILITY (3) ------ Medium Storage Unit Large Storage Unit Large Storage Unit > --- WEAPON (2) ------- (None) > --- INVENTORY (20) --- Ion Engine Light Ion Engine Aluminum Leg Aluminum Leg Flying Fortress v7 Humpback High-capacity Battery (400) Structural Scanner Power Shielding Medium Laser Assault Rifle Light Assault Rifle Light Cannon Blade Trap Blade Trap Blade Trap Peak State ------------ > --- POWER ------------ Ion Engine > --- PROPULSION ------- Aluminum Leg Aluminum Leg > --- UTILITY ---------- Medium Storage Unit Large Storage Unit Large Storage Unit > --- WEAPON ----------- Small Laser Assault Rifle > --- INVENTORY -------- Ion Engine Light Ion Engine Aluminum Leg Flying Fortress v7 Medium Storage Unit Structural Scanner Power Shielding Medium Laser Light Assault Rifle Light Cannon Grenade Launcher Blade Trap Blade Trap Blade Trap [Rating: 12] Favorites ----------- Power Ion Engine Engine Ion Engine Propulsion Aluminum Leg Leg Aluminum Leg Utility Large Storage Unit Storage Large Storage Unit Protection Light Armor Plating Weapon Small Laser Energy Gun Small Laser Ballistic Gun Assault Rifle Launcher Grenade Launcher Build | -11 -10 -10 -10 -9 ------- Run | Scr Mat Min Exi Min Slots Evolved 1 | . 1 . . . Power . | . . . . . Propulsion . | . . . . . Utility 1 | . 1 . . . Weapon . | . . . . . Parts Attached 21 | 7 3 3 6 2 Power 2 | 1 . 1 . . Engine 2 | 1 . 1 . . Core . | . . . . . Reactor . | . . . . . Propulsion 5 | 2 1 1 . 1 Treads . | . . . . . Leg 5 | 2 1 1 . 1 Wheel . | . . . . . Hover . | . . . . . Flight . | . . . . . Utility 9 | 2 1 . 6 . Device . | . . . . . Storage 7 | 1 1 . 5 . Processor . | . . . . . Hackware . | . . . . . Protection 2 | 1 . . 1 . Artifact . | . . . . . Weapon 5 | 2 1 1 . 1 Energy Gun 3 | 2 1 . . . Energy Cannon . | . . . . . Ballistic Gun 1 | . . 1 . . Ballistic Cannon . | . . . . . Launcher 1 | . . . . 1 Special Weapon . | . . . . . Impact Weapon . | . . . . . Slashing Weapon . | . . . . . Piercing Weapon . | . . . . . Special Melee Weapon . | . . . . . Unidentified Prototypes . | . . . . . Parts Lost 7 | . . 2 . 5 Power 1 | . . . . 1 Propulsion 2 | . . . . 2 Utility 1 | . . 1 . . Weapon 3 | . . 1 . 2 Highest Loss Streak 5 | . . 1 . 5 Average Slot Usage (%) 94 | . 96 89 94 97 Engine 11 | . 12 12 12 11 Leg 24 | . 25 25 25 24 Storage 26 | . 21 25 32 37 Protection 5 | . 12 3 . . Energy Gun 17 | . 25 14 12 10 Ballistic Gun 6 | . . 8 12 10 Naked Turns . | . . . . . Heaviest Build 48 | 17 33 35 48 48 Greatest Support 20 | 20 20 20 20 20 Greatest Overweight (x) 14 | 5 1 1 2 14 Average Overweight (x) 1 | 2 . 1 1 2 Largest Inventory Capacity 20 | 8 14 14 20 20 Average Capacity 14 | 7 12 14 17 20 Most Carried 20 | 4 10 14 19 20 Average Carried 12 | 2 8 11 16 19 Final Capacity 20 | 8 14 14 20 20 Final Carried 20 | 4 10 14 19 20 Class Distribution -------------------- 100% | Hacker-Mutant Dominant Class ---------------- Hacker-Mutant | -10/Materials Hacker-Mutant | -10/Mines Hacker-Mutant | -10/Exiles Hacker-Mutant | -9/Mines Resources | -11 -10 -10 -10 -9 ----------- Run | Scr Mat Min Exi Min Matter Collected 450 | 240 80 98 . 32 Remotely . | . . . . . Salvage Created 649 | . 346 172 . 131 Parts 31 | . 18 11 . 2 Haulers Intercepted . | . . . . . Recyclers Shooed 2 | . . . . 2 Parts Field Recycled . | . . . . . Retrieved Matter . | . . . . . Parts Self-Destructed . | . . . . . Prevented . | . . . . . Kills | -11 -10 -10 -10 -9 ------- Run | Scr Mat Min Exi Min Combat Hostiles Destroyed 31 | . 9 7 . 15 Guns 16 | . 8 7 . 1 AOE 14 | . . . . 14 Classes Destroyed 5 | . 3 . . 2 Recycler 1 | . . . . 1 Watcher 1 | . 1 . . . Swarmer 7 | . 2 5 . . Grunt 11 | . 7 2 . 2 Assembled 15 | . . . . 15 Best Kill Streak 16 | . 4 2 . 16 Combat Bots Only 15 | . 3 2 . 15 Max Kills in Single Turn 4 | . 2 2 . 4 Gunslinging 1 | . . 1 . . Exploded 4 | . . . . 4 Melee . | . . . . . Uniques/NPCs Destroyed . | . . . . . Combat | -11 -10 -10 -10 -9 -------- Run | Scr Mat Min Exi Min Damage Taken 1033 | 6 257 204 . 566 Core 256 | . 54 35 . 167 Absorbed by Shields . | . . . . . Core Remaining (%) 100 | 100 . . . . Volleys Fired 61 | . 25 27 . 9 Largest 2 | . 2 2 . 2 Hottest 90 | . 90 90 . 70 Shots Fired 103 | . 50 42 . 11 Gun 94 | . 50 42 . 2 Cannon . | . . . . . Launcher 9 | . . . . 9 Special . | . . . . . Kinetic 14 | . . 14 . . Thermal 80 | . 50 28 . 2 Explosive 9 | . . . . 9 Electromagnetic . | . . . . . Robot Hit Streak 23 | . 18 23 . 18 Robot Miss Streak 2 | . 1 2 . . Penetration Max . | . . . . . Secondary Targets 2 | . 1 1 . . Max Gunslinging Chain 1 | . 1 1 . . Shots Hit Robots 87 | . 42 37 . 8 Core Hits 67 | . 17 10 . 40 Critical Hits . | . . . . . Critical Kills . | . . . . . Critical Parts Destroyed . | . . . . . Melee Attacks . | . . . . . Impact . | . . . . . Slashing . | . . . . . Piercing . | . . . . . Sneak Attacks . | . . . . . Combat Hostiles . | . . . . . Follow-up Attacks . | . . . . . Damage Inflicted 2071 | 12 510 359 . 1190 Guns 889 | . 510 358 . 21 Cannons . | . . . . . Explosions 1169 | . . . . 1169 Melee . | . . . . . Ramming 13 | 12 . 1 . . Kinetic 94 | . . 94 . . Thermal 795 | . 510 264 . 21 Explosive 1169 | . . . . 1169 Electromagnetic . | . . . . . Impact . | . . . . . Slashing . | . . . . . Piercing . | . . . . . Highest Corruption 3 | . 3 3 3 3 Average Corruption 2 | . 1 3 3 3 Corruption Purged . | . . . . . Effects 44 | . 9 15 16 4 Message Errors 13 | . 2 5 5 1 Matter Fused 16 | . 3 5 6 2 Heat Flow Errors 4 | . 2 1 1 . Energy Discharges 2 | . 1 . 1 . Data Loss (minor) 7 | . . 3 3 1 Targeting Errors 2 | . 1 1 . . Overload Shots . | . . . . . Overflow Damage 18 | . . . . 18 Projectiles . | . . . . . Explosions 18 | . . . . 18 Melee . | . . . . . Knockbacks . | . . . . . Impact . | . . . . . Kinetic . | . . . . . Secondary . | . . . . . Self-Inflicted Damage 29 | 6 . . . 23 Shots 2 | . . . . 2 Rammed 3 | 1 1 1 . . Targets Rammed 4 | 1 1 2 . . Kicked 1 | . . 1 . . Crushed . | . . . . . Highest Temperature 434 | . 434 213 277 64 Average Temperature 126 | . 159 72 145 27 Received Heat Transfer 334 | . 207 81 . 46 Effects 2 | . 2 . . . Shutdowns 2 | . 2 . . . Siege Activations . | . . . . . Robots Corrupted . | . . . . . Combat Hostiles . | . . . . . Parts Fried . | . . . . . Impact Corruptions . | . . . . . Robots Melted 1 | . 1 . . . Combat Hostiles 1 | . 1 . . . Parts Melted 5 | . 3 2 . . Heat Transferred 2036 | . 1351 635 . 50 Parts Sabotaged . | . . . . . Parts Stolen . | . . . . . Parts Stripped . | . . . . . Power Chain Reactions . | . . . . . Missiles Intercepted . | . . . . . Alert | -11 -10 -10 -10 -9 ------- Run | Scr Mat Min Exi Min Peak Influence 219 | . 219 153 . 5 Initial 8 | . . 8 . . Average 35 | . 46 44 . . Maximum Alert Level 1 | . 1 . . . Low Security (%) 98 | 100 97 100 . 100 Level 1 1 | . 2 . . . Level 2 . | . . . . . Level 3 . | . . . . . Level 4 . | . . . . . Level 5 . | . . . . . High Security . | . . . . . Max Security . | . . . . . Squads Dispatched 2 | . 1 . . 1 Investigation 1 | . 1 . . . Extermination . | . . . . . Reinforcement 1 | . . . . 1 Assault . | . . . . . Garrison . | . . . . . Intercept . | . . . . . Construction Impeded 1 | . . . . 1 Haulers Reinforced . | . . . . . Stealth | -11 -10 -10 -10 -9 --------- Run | Scr Mat Min Exi Min Distress Signals 1 | . 1 . . . Communications Jammed . | . . . . . Distress Signals . | . . . . . Times Spotted 47 | . 16 10 . 21 Peak Tracking Total 10 | . 4 2 . 10 Tactical Retreats 2 | . . 1 . 1 Traps | -11 -10 -10 -10 -9 ------- Run | Scr Mat Min Exi Min Traps Triggered 1 | . 1 . . . Indirectly . | . . . . . Trap Hack Attempts . | . . . . . Triggered . | . . . . . Disarmed . | . . . . . Reprogrammed . | . . . . . Reused . | . . . . . Traps Extracted . | . . . . . Installed . | . . . . . Triggered . | . . . . . Machines | -11 -10 -10 -10 -9 ---------- Run | Scr Mat Min Exi Min Machines Disabled . | . . . . . Max in Single Turn . | . . . . . Machines Sabotaged . | . . . . . Garrisons Compromised . | . . . . . Overloaded Fab Kills . | . . . . . Fab Network Shutdowns . | . . . . . Hacking | -11 -10 -10 -10 -9 --------- Run | Scr Mat Min Exi Min Machines Accessed 8 | . 4 . 4 . Terminals 4 | . 4 . . . Fabricators . | . . . . . Repair Stations . | . . . . . Recycling Units . | . . . . . Scanalyzers . | . . . . . Garrison Access . | . . . . . Total Hacks 17 | . 13 . 4 . Successful 12 | . 8 . 4 . Failed 5 | . 5 . . . Catastrophic . | . . . . . Database Lockouts . | . . . . . Manual 4 | . 3 . 1 . Terminals 13 | . 13 . . . Fabricators . | . . . . . Repair Stations . | . . . . . Recycling Units . | . . . . . Scanalyzers . | . . . . . Garrison Access . | . . . . . Terminal Hacks 11 | . 7 . 4 . Record 3 | . . . 3 . Robot Analysis 4 | . 4 . . . Prototype ID Bank 1 | . 1 . . . Level Access Points 1 | . 1 . . . Hauler Manifests 1 | . 1 . . . EX-Prototype ID Bank 1 | . . . 1 . Fabricator Hacks . | . . . . . Repair Station Hacks . | . . . . . Recycling Unit Hacks . | . . . . . Scanalyzer . | . . . . . Garrison Access Hacks . | . . . . . Unauthorized Hacks 1 | . 1 . . . Terminals 1 | . 1 . . . Botnet 1 | . 1 . . . Fabricators . | . . . . . Repair Stations . | . . . . . Recycling Units . | . . . . . Scanalyzers . | . . . . . Garrison Access . | . . . . . Data Cores Recovered . | . . . . . Used . | . . . . . Hacking Detections 2 | . 2 . . . Full Trace Events 1 | . 1 . . . Feedback Events . | . . . . . Feedback Blocked . | . . . . . Robot Schematics Acquired . | . . . . . Robots Built . | . . . . . Matter . | . . . . . Time . | . . . . . Total Robot Build Rating . | . . . . . Part Schematics Acquired . | . . . . . Parts Built . | . . . . . Matter . | . . . . . Time . | . . . . . Total Part Build Rating . | . . . . . Parts Repaired . | . . . . . Time . | . . . . . Parts Recycled . | . . . . . Recycled Matter . | . . . . . Retrieved Matter . | . . . . . Retrieved Components . | . . . . . Parts Scanalyzed . | . . . . . Part Schematics Acquired . | . . . . . Parts Damaged . | . . . . . Bothacking | -11 -10 -10 -10 -9 ------------ Run | Scr Mat Min Exi Min Used RIF Installer . | . . . . . Robots Hacked . | . . . . . Non-combat . | . . . . . Combat . | . . . . . Robot Hacks Applied . | . . . . . Relay Couplers Released . | . . . . . Robots Rewired . | . . . . . Allies Hacked . | . . . . . Hacks Repelled . | . . . . . Allies | -11 -10 -10 -10 -9 -------- Run | Scr Mat Min Exi Min Total Allies 3 | . . 3 . . Largest Group 3 | . . 3 3 3 Highest-Rated Group 40 | . . 40 40 40 Highest-Rated Ally 16 | . . 16 16 16 Total Orders . | . . . . . Ally Attacks 18 | . . 3 . 15 Total Damage 162 | . . 22 . 140 Kills 3 | . . 2 . 1 Allies Corrupted . | . . . . . Allies Melted . | . . . . . Intel | -11 -10 -10 -10 -9 ------- Run | Scr Mat Min Exi Min Robot Analysis Total 4 | . 4 . . . Derelict Logs Recovered . | . . . . . Drone Launches . | . . . . . Drone Recoveries . | . . . . . Exploration | -11 -10 -10 -10 -9 ------------- Run | Scr Mat Min Exi Min Turns Passed 3052 | 100 1079 904 532 437 Spaces Moved 1810 | 44 704 525 310 227 Core 23 | 22 . . . 1 Treads . | . . . . . Legs 1787 | 22 704 525 310 226 Wheels . | . . . . . Hover . | . . . . . Flight . | . . . . . Fastest Speed 50 | 50 120 150 150 180 Average Speed 153 | 192 139 150 165 183 Slowest Speed 750 | 300 150 150 180 750 Overloaded Moves . | . . . . . Propulsion Burnouts . | . . . . . Robots Hopped . | . . . . . Cave-ins Triggered . | . . . . . Exploration Rate (%) 65 | 4 92 94 70 65 Regions Visited 4 Branch Regions 3 Pre-discovered Areas . | . . . . . Known Exits Taken 4 | 1 1 1 1 . Unknown Exits Taken . | . . . . . Scrap Searched 1 | . . . . 1 Spaces Dug . | . . . . . Terrain Destroyed 65 | . . . . 65 Melee . | . . . . . Projectile . | . . . . . AOE 65 | . . . . 65 Terrain Rammed . | . . . . . Walls Destroyed . | . . . . . Machines Disabled . | . . . . . Actions | -11 -10 -10 -10 -9 --------- Run | Scr Mat Min Exi Min Total 1966 | 55 747 598 328 238 Wait 51 | . 9 39 3 . Move 1807 | 44 703 524 309 227 Hop . | . . . . . Pick Up 19 | 4 6 3 6 . Fast Attach 14 | 7 3 . 4 . Attach 2 | . . 1 1 . Detach . | . . . . . Swap 5 | . . 2 1 2 Drop 4 | . . . 4 . Fire 61 | . 25 27 . 9 Melee . | . . . . . Ram . | . . . . . Kick 3 | . 1 2 . . Crush . | . . . . . Escape Stasis . | . . . . . Rewire . | . . . . . Trap . | . . . . . Miscellaneous . | . . . . . Route ------- -11/Scrapyard -10/Materials (discovered 4 exits: *Mat x3 / *Min) -10/Mines (discovered 3 exits: *Mat x2 / *Exi) -10/Exiles (discovered 2 exits: *Min x2) -9/Mines (discovered 1 exit: *Mat) History --------- Turn | Location | Event 64 | -11/Scrapyard | Identified exit to Materials 64 | -11/Scrapyard | Discovered exit to Materials (range 14) 101 | -11/Scrapyard | Entered Materials 101 | -10/Materials | Evolved 1 slot: Utility x1 222 | -10/Materials | Identified exit to Materials 293 | -10/Materials | Identified exit to Mines 293 | -10/Materials | Discovered exit to Mines (range 7) 311 | -10/Materials | Build established: Hacker-Mutant 1180 | -10/Materials | Entered Mines 1225 | -10/Mines | Met a Derelict bent on vengeance 1463 | -10/Mines | Deemed a non-threat by the Exiles lab entrance 1464 | -10/Mines | Identified exit to Exiles 1464 | -10/Mines | Discovered exit to Exiles (range 5) 1500 | -10/Mines | Discovered exit to Materials (range 12) 1643 | -10/Mines | Discovered exit to Materials (range 12) 1677 | -10/Mines | Assisted by bots powering up and referring to "LRC-V3" 1809 | -10/Mines | Found a hidden stash of uninstalled traps 2084 | -10/Mines | Entered Exiles 2084 | -10/Exiles | Accompanied by 3 allies 2107 | -10/Exiles | Identified exit to Mines 2107 | -10/Exiles | Discovered exit to Mines (range 15) 2125 | -10/Exiles | Met 8R-AWN 2146 | -10/Exiles | Met EX-HEX 2189 | -10/Exiles | Met EX-BIN 2210 | -10/Exiles | Aligned with FarCom system 2212 | -10/Exiles | Given EX-Vault access code 2288 | -10/Exiles | Opened EX-Vault 2301 | -10/Exiles | Found Flying Fortress v7 2343 | -10/Exiles | Warned to stay clear of 0b10 Research branches 2390 | -10/Exiles | Met EX-DEC 2597 | -10/Exiles | Discovered exit to Mines (range 11) 2616 | -10/Exiles | Left Exiles lab with Flying Fortress v7 2616 | -10/Exiles | Entered Mines 2616 | -9/Mines | Accompanied by 3 allies 2739 | -9/Mines | Identified exit to Materials 2739 | -9/Mines | Discovered exit to Materials (range 14) 3001 | -9/Mines | Assembled infested the area 3006 | -9/Mines | Assisted by a Guerilla fighting off Assembled 3043 | -9/Mines | Core integrity fell below 50% 3048 | -9/Mines | Core integrity fell below 20% 3053 | -9/Mines | Destroyed by as-83688 with Assembled Heavy Rifle Last Messages --------------- 03033_ as-04916 destroyed. 03033_ Destroyed Asb. Hover Unit. 03034_ C-30 ARC bursts open, deploying its payload. 03034_ D-53 Grenadier unfolds itself. 03035_ as-57235 destroyed. 03035_ as-10382 destroyed. 03036_ IT-1G8(h) destroyed. 03041_ The unstable cave ceiling collapses. 03041_ Aluminum Leg destroyed. 03042_ System corrupted: Matter fused (-9). 03042_ as-36905 destroyed. 03043_ The unstable cave ceiling collapses. 03043_ Acquired 6 matter. 03044_ Grenade Launcher destroyed. 03045_ Aluminum Leg destroyed. 03047_ The unstable cave ceiling collapses. 03049_ Ion Engine destroyed. 03051_ The unstable cave ceiling collapses. 03051_ U-05 Engineer lays Concrete. 03053_ The unstable cave ceiling collapses. Map ----- +----------------------------------------------------+ | | | | | | | | | | | | | | | ?????????????????????????????????????????????????? | | ?????????????????????????????????????????????????? | | ?????????????????????????????????????????????????? | | ?????????????????????????????????????????????????? | | ?????????????????????????????????????????????????? | | ?????????????????????????????????????????????????? | | ?????????????????????????????????????????????????? | | ?????????????????????????????????????????????????? | | ?????????????????????????????????????????????????? | | ?????????????????????????????????????????????????? | | ???????????????????????##?####???????????????????? | | ???????????????????????# # # #?????#?????????????? | | ????????????#?????????## ##??? ###???????????? | | ???????????? ?????### #?? ????????????? | | ??????????? #### ### ##????????????? | | ?????????????? ##???????????? | | ????????????????? u #???????????? | | ????????????????????# a #???????????? | | ????????????????????# @ #????????????????? | | ????????????????????# #????????????????? | | ????????????????????# ##????????????????? | | ????????????????????# #?????????????????? | | ????????????????????# ###?????????????????? | | ????????????????????# # #??????????????????? | | ????????????????????# #??????????????????? | | ????????????????????# #??????????????????? | | ????????????????????## ##??????????????????? | | ?????????????????????# d ##???????????????????? | | ?????????????????????## d###????????????????????? | | ??????????????????????## #??????????????????????? | | ???????????????????????# #??????????????????????? | | ???????????????????????# #??????????????????????? | | ???????????????????????# #??????????????????????? | | ???????????????????????# #??????????????????????? | | ??####?????????????????# #??????????????????????? | | ?## ##???????????????## "#??????????????????????? | | ?# #??????????????## "%##?????????????????????? | | ?# ##?????????????# " #?????????????????????? | | ?# #?????????????# #?????????????????????? | | ?# #?????????????## ##????????????????????? | | ?# ##??????????????# ######???????????????? | | ## #???????????????## ##??????????????? | | # ##????????????????## #??????????????? | +----------------------------------------------------+ Best States ------------- Heat Dissipation 25 Energy Generation 10 Energy Capacity 650 Matter Stores 300 Matter Capacity 300 Sight Range 16 Terrain Scan Density 10 Armor Coverage 150 Resistance: KI 35 Resistance: TH 35 Resistance: EX 35 Resistance: EM 35 Resistance: I 35 Resistance: S 35 Resistance: P 35 Power Shielding 33 Evasion (%) 40 Offensive Hacking 20 Item Schematics ----------------- None Robot Schematics ------------------ None Fabricated ------------ Nothing Alien Tech Used ----------------- None Achievements -------------- None Challenges ------------ None Game ------ Seed SmartbombHardenedDerivative Manual? 0 Play Time 00:17:20 Cumulative 79.4 hours Start 2020.10.31 @ 17:35:22 End 2020.10.31 @ 17:50:50 Sessions 1 Manual Loads 0 Difficulty Explorer Special Mode Halloween2020/ForbiddenLore Game No. 139 Rogue 0 Adventurer 0 Explorer 139 Win Type - Total 0 Types 0/0/0/0/0/0/0/0/0 Lore% 53 Gallery% 64 Achievement% 48 Wizard Run 0 Options --------- ASCII 0 Keyboard 0 Movement Numpad Keybinds 0 Fullscreen 1 Font 36/Smallcaps Map View 76x50 Tactical HUD 1 Map Filters NONE Filters NONE Steam 1 RUN: b8560f2d-683f-42f6-9391-5b2c8758d2d0